 Dungeon Crawl Stone Soup version 0.28.0 (webtiles) character file.

Game seed: 8634816021639593491

61 Descartes the Grasshopper (level 4, -2/33 HPs)
             Began as a Formicid Warper on Feb 4, 2022.
             Was a Believer of Qazlal.
             Slain by a gnoll (4 damage)
             ... on level 2 of the Dungeon.
             The game lasted 00:03:50 (1466 turns).

Descartes the Grasshopper (Formicid Warper)         Turns: 1466, Time: 00:03:50

Health: -2/33      AC: 11    Str: 15    XL:     4   Next: 27%
Magic:  16/16      EV:  4    Int: 13    God:    Qazlal [**....]
Gold:   53         SH:  2    Dex: 12    Spells: 7/7 levels left

rFire   . . .      SeeInvis +   f - +0 war axe
rCold   . . .      Faith    .   (no shield)
rNeg    . . .      Spirit   .   r - +0 plate armour
rPois   .          Reflect  .   (helmet unavailable)
rElec   .          Harm     .   (no cloak)
rCorr   .          Rampage  .   (no gloves)
Will    .....                   (no boots)
Stlth   ..........              (no amulet)
HPRegen 0.11/turn               o - ring of magical power
MPRegen 0.15/turn               (no ring)

@: no status effects
A: permanent stasis, dig shafts and tunnels, antennae 3, four strong arms
a: Dig, Shaft Self, Renounce Religion, Upheaval


You were on level 2 of the Dungeon.
You worshipped Qazlal.
Qazlal was pleased with you.
You visited 1 branch of the dungeon, and saw 2 of its levels.

You collected 53 gold pieces.

Inventory:

Hand Weapons
 a - a +0 mace
 f - a +0 war axe (weapon)
Missiles
 c - 5 boomerangs of dispersal (quivered)
 e - 34 stones
 k - 29 sling bullets
Armour
 g - a +0 chain mail
 r - a +0 plate armour (worn)
Jewellery
 o - a ring of magical power (left hand)
Scrolls
 b - 3 scrolls of identify {unknown}
 d - a scroll of enchant armour {unknown}
 i - a scroll of acquirement {unknown}
 j - a scroll of teleportation {unknown}
 l - a scroll of enchant weapon {unknown}
 m - a scroll of silence {unknown}
Potions
 h - 2 potions of degeneration {unknown}
 n - a potion of attraction {unknown}
 p - a potion of heal wounds {unknown}
 q - a potion of ambrosia {unknown}


   Skills:
 - Level 2.1 Fighting
 + Level 1.3(2.2) Axes
 + Level 2.6(2.9) Maces & Flails
 - Level 1.0 Throwing
 + Level 2.2 Armour
 - Level 1.7 Dodging
 - Level 2.1 Spellcasting
 + Level 3.1 Translocations
 + Level 0.6 Invocations


You had 7 spell levels left.
You didn't know any spells.
Your spell library contained the following spells:

 Spells                   Type           Power      Damage    Failure   Level
 Summon Small Mammal      Summ           4%         N/A       100%        1
 Call Canine Familiar     Summ           1%         N/A       100%        3
 Gell's Gravitas          Tloc           9%         N/A       100%        3
 Lesser Beckoning         Tloc           9%         N/A       100%        3
 Summon Guardian Golem    Hex/Summ       1%         N/A       100%        3
 Teleport Other           Tloc           9%         N/A       100%        3
 Manifold Assault         Tloc           9%         N/A       100%        5
 Blink                    Tloc           Unusable   N/A       N/A         2

Dungeon Overview and Level Annotations

Branches:
Dungeon (2/15)

Altars:
Qazlal


Innate Abilities, Weirdness & Mutations

You cannot be hasted, slowed, berserked, paralysed or teleported.
You can dig through walls and to a lower floor.
You have a pair of large antennae on your head. (SInv)
Your four strong arms can wield two-handed weapons with a shield.


Message History

You sense a monster nearby.
You open the door.
A rat comes into view.
The rat twitches its whiskers.
You block the rat's attack.
There is an open door here.
You hit the rat.
You kill the rat!
Qazlal accepts your kill.
No target in view!
No target in view!
No target in view!
No target in view!
No target in view!
No target in view! 2 gnolls come into view. 2 gnolls come into view.
The gnoll shouts! x2
A rat comes into view.
A ball python comes into view.
You slash the gnoll!
The gnoll is severely wounded.
The gnoll barely misses you.
You hit the gnoll.
You kill the gnoll!
Qazlal accepts your kill.
You barely miss the gnoll. The gnoll hits you but does no damage.
The gnoll hits you with a +0 flail.
The gnoll hits you from afar with a +0 halberd!
The gnoll hits you with a +0 flail!
You slash the gnoll!
The gnoll is severely wounded.
The gnoll hits you but does no damage. The gnoll hits you with a +0 flail.
* * * LOW HITPOINT WARNING * * *
You closely miss the gnoll.
The gnoll is severely wounded.
The gnoll hits you from afar with a +0 halberd!
* * * LOW HITPOINT WARNING * * *
The gnoll hits you with a +0 flail.
You die...

....'.............#
#####.............#
..........#.......#
..........#.......#
..................#
..................#
...............#.##
##†............#.#
.†...........#.#@#
..†............#g#
.............#+#g#
#####...).......g####
#...'...............#
#.###........g......#
#.....#.g.......#
#.....#.........#
#....gg##########


You could see 3 gnolls.

Vanquished Creatures
  A gnoll (D:2)
  2 worms (D:2)
  4 ball pythons
  9 endoplasms
  3 giant cockroaches
  4 goblins
  3 hobgoblins (D:2)
  A jackal (D:1)
  2 quokkas
  3 bats
  2 frilled lizards (D:2)
  4 kobolds
  3 rats
41 creatures vanquished.

Notes
Turn   | Place    | Note
-------+----------+-------------------------------------------
     0 | D:1      | Descartes the Formicid Warper began the quest for the Orb.
     0 | D:1      | Reached XP level 1. HP: 16/16 MP: 3/3
   148 | D:1      | Reached XP level 2. HP: 21/22 MP: 5/5
   206 | D:1      | Found a faded altar of an unknown god.
   220 | D:1      | Prayed at the altar of an unknown god.
   220 | D:1      | Became a worshipper of Qazlal Stormbringer
   220 | D:1      | Reached * piety under Qazlal
   848 | D:2      | Reached skill level 3 in Translocations
   848 | D:2      | Reached XP level 3. HP: 27/27 MP: 6/6
   868 | D:2      | Reached skill level 1 in Axes
   994 | D:2      | Reached ** piety under Qazlal
  1087 | D:2      | Reached XP level 4. HP: 28/33 MP: 7/7
  1466 | D:2      | Slain by a gnoll

Illustrated notes

Levels and vault maps discovered:
D:1:      dpeg_arrival_brainrot, layout_basic,
          hellmonk_ecumenical_altar_lost_god
D:2:      layout_basic

Skill      XL: |  1  2  3 |
---------------+----------+-----
Translocations | 3 |  3.1
Armour         | 2 |  2.2
Axes           | 1 |  1.3
Fighting       | |  2.1
Maces & Flails | |  2.6
Throwing       | |  1.0
Dodging        | |  1.7
Spellcasting   | |  2.1
Invocations    | |  0.6

Action                   |  1- 3 |  4- 6 || total
-------------------------+-------+-------++-------
Melee: Mace              |     7 |       ||     7
       War axe           |    64 |    23 ||    87
       Punch             |     1 |       ||     1
Armor: Ring mail         |     8 |       ||     8
       Chain mail        |    37 |    13 ||    50
       Plate armour      |       |     2 ||     2
Dodge: Dodged            |    35 |     4 ||    39
Block: Other             |     3 |     3 ||     6
